 Dungeon Crawl Stone Soup version 0.29-a0-825-g72347fce65 (webtiles) character file.

Game seed: 6777209765421257562

34656 Lekart the Fighter (level 13, -11/117 (124) HPs)
             Began as a Black Draconian Fighter on July 11, 2022.
             Was an Elder of Ru.
             Killed from afar by an acid dragon (25 damage)
             ... with a splash of acid
             ... on level 14 of the Dungeon.
             The game lasted 00:36:21 (18152 turns).

Lekart the Fighter (Black Draconian Fighter)       Turns: 18152, Time: 00:36:22

HP:   -11/117 (124) AC: 12    Str: 22    XL:     13   Next: 43%
MP:   0/24          EV: 17    Int:  8    God:    Ru [****..]
Gold: 1015          SH: 18    Dex: 16    Spells: 27/27 levels left

rFire   . . .      SeeInvis .   v - +11 hand axe of Painful Death {holy, rPois Dex+3}
rCold   . . .      Faith    .   y - +2 tower shield
rNeg    . . .      Spirit   +   (body armour unavailable)
rPois   +          Reflect  .   e - +2 hat
rElec   +          Harm     .   A - +0 cloak
rCorr   .          Rampage  .   t - +0 pair of gloves
Will    .....                   (no boots)
Stlth   ..........              h - amulet of guardian spirit
HPRegen 0.29/turn               E - +4 ring of slaying
MPRegen 0.19/turn               d - +4 ring of evasion

@: drained
A: breathe lightning, AC +8, unfitting armour, electricity resistance,
cold-blooded, no stealth, inability to use devices, hated by all, no fire magic,
no necromancy magic, no transmutations magic, horns 2
a: Breathe Lightning, Renounce Religion, Draw Out Power, Power Leap


You were on level 14 of the Dungeon.
You worshipped Ru.
Ru was greatly pleased with you.
You visited 3 branches of the dungeon, and saw 18 of its levels.
You visited the Abyss 1 time.

You collected 1015 gold pieces.

Inventory:

Hand Weapons
 a - a +3 vorpal war axe
 v - the +11 hand axe of Painful Death (weapon) {holy, rPois Dex+3}
   (You found it on level 8 of the Dungeon)

   It has been blessed by the Shining One to cause great damage to the undead
   and demons.
   Dex:       It affects your dexterity (+3).
   rPois:     It protects you from poison.
Missiles
 C - a throwing net (quivered)
Armour
 e - a +2 hat (worn)
 t - a +0 pair of gloves (worn)
 y - a +2 tower shield (worn)
 A - a +0 cloak (worn)
Jewellery
 b - an amulet of reflection
 d - a +4 ring of evasion (right hand)
 h - an amulet of guardian spirit (around neck)
 j - an amulet of faith
 k - an amulet of regeneration
 l - a ring of resist corrosion
 m - a +6 ring of intelligence
 o - a ring of ice
 x - a ring of poison resistance
 D - a ring of willpower
 E - a +4 ring of slaying (left hand)
Scrolls
 g - 3 scrolls of fear
 n - a scroll of teleportation
 p - 8 scrolls of identify
 s - 4 scrolls of fog
Potions
 c - 2 potions of might
 f - 4 potions of attraction
 q - a potion of berserk rage {unknown}
 u - 2 potions of haste
 w - 3 potions of brilliance
 z - 2 potions of flight
 B - 2 potions of ambrosia {unknown}


   Skills:
 * Level 14.1 Fighting
 + Level 13.5 Axes
 + Level 8.5 Dodging
 + Level 8.6 Shields
 + Level 1.6 Unarmed Combat
 + Level 7.6 Spellcasting


You had 27 spell levels left.
You didn't know any spells.
Your spell library contained the following spells:

 Spells                   Type           Power      Damage    Failure   Level
 Apportation              Tloc           6%         N/A       83%         1
 Magic Dart               Conj           12%        1d3       83%         1
 Blink                    Tloc           6%         N/A       92%         2
 Poisonous Vapours        Pois/Air       6%         N/A       92%         2
 Searing Ray              Conj           6%         2d4       92%         2
 Lesser Beckoning         Tloc           3%         N/A       99%         3
 Airstrike                Air            1%         0-2+      100%        4
 Fulminant Prism          Conj/Hex       1%         3d6       100%        4
 Olgreb's Toxic Radiance  Pois           3%         N/A       100%        4
 Lightning Bolt           Conj/Air       1%         1d12      100%        5
 Manifold Assault         Tloc           3%         N/A       100%        5
 Ozocubu's Refrigeration  Ice            1%         4d5       100%        7
 Necrotise                Necr           Unusable   1d4       N/A         1
 Sting                    Tmut/Pois      Unusable   1d3       N/A         1
 Summon Small Mammal      Summ           Unusable   N/A       N/A         1
 Vampiric Draining        Necr           Unusable   2d6       N/A         3
 Summon Lightning Spire   Summ/Air       Unusable   N/A       N/A         4
 Agony                    Necr           Unusable   N/A       N/A         5
 Ignition                 Fire           Unusable   3d3       N/A         8

Dungeon Overview and Level Annotations

Branches:
Dungeon (14/15)            Temple (0/1) D:7            Lair (2/6) D:10
    Orc (2/2) D:11
  Swamp: Lair:2-4    Shoals: Lair:2-4     Snake: Lair:2-4    Spider: Lair:2-4
    Elf: Orc:2       Vaults: D:13-14

Altars:
Cheibriados
Gozag
Makhleb
Ru
Sif Muna

Shops:
D:1 (   D:3 :

Annotations:
D:2 exclusion: downstairs
D:8 Maurice
D:12 exclusion: 2 downstairs
D:13 Azrael, Rupert
D:14 Louise


Innate Abilities, Weirdness & Mutations

You can breathe wild blasts of lightning.
Your glossy black scales are hard. (AC +8)
You cannot fit into any form of body armour.
You are resistant to electric shocks. (rElec)
You are cold-blooded and may be slowed by cold attacks.
You cannot be stealthy.
You cannot study or use magical devices.
You are hated by all.
You cannot study or cast Fire magic.
You cannot study or cast Necromancy magic.
You cannot study or cast Transmutations magic.
You have a pair of horns on your head.


Message History

You start resting.
A tentacled starspawn is cast out of space.
You redirect the tentacled starspawn's attack!
The tentacled starspawn bites you.
The tentacled starspawn tentacle-slaps you but does no damage.
You slice the tentacled starspawn!! You tail-slap the tentacled starspawn.
The tentacled starspawn is moderately damaged.
You hit the tentacled starspawn.
The tentacled starspawn is moderately damaged.
You block the tentacled starspawn's attack.
The tentacled starspawn tentacle-slaps you but does no damage.
You hit the tentacled starspawn. You headbutt the tentacled starspawn.
You tail-slap the tentacled starspawn.
The tentacled starspawn is heavily damaged.
You block the tentacled starspawn's attack.
The tentacled starspawn tentacle-slaps you!
* * * LOW HITPOINT WARNING * * *
You hit the tentacled starspawn. You headbutt the tentacled starspawn!
The tentacled starspawn is heavily damaged.
Tentacles burst from the starspawn's body! 2 starspawn tentacles come into view.
You slash the tentacled starspawn! You headbutt the tentacled starspawn!
The tentacled starspawn is almost destroyed.
You barely miss the starspawn tentacle. The tentacled starspawn bites you!!
* * * LOW HITPOINT WARNING * * *
The tentacled starspawn tentacle-slaps you!
* * * LOW HITPOINT WARNING * * *
You slice the tentacled starspawn!!
You destroy the tentacled starspawn!
The starspawn's tentacles wither and die.
You start resting.
The substance of the Abyss twists violently, and a gateway leading out appears!
There is a gateway leading out of the Abyss here.
Your memory of the abyssal rune fades away.
You pass through the gate.
Welcome back to the Dungeon!
Level annotation: Louise The acid dragon spits acid at you.
The splash of acid hits you!!
You die...

....+
#..#..(.......<...
....#
#..#....###.......
.####
#..#....###.......
.#
#.........#.....<.
.
#....#.........#..
...................
#.........)........
....##.............
..........@.......
##...........##.
#.##........# ...
#.D......# ..
..##.......# ...
........# ...
........# ..
#........#


You could see an acid dragon (catching breath).

Vanquished Creatures
  2 tentacled starspawn (Abyss:5)
  Kirke (D:12)
  A merfolk javelineer (Abyss:5)
  Harold (D:11)
  Erolcha (D:9)
  An ogre mage (Abyss:3)
  2 centaur warriors (D:10)
  A boulder beetle (D:12)
  3 two-headed ogres
  Urug (D:10)
  A sun demon (Abyss:4)
  Amaemon (Lair:1)
  A large abomination (Abyss:3)
  A deep elf pyromancer (D:14)
  A cyclops (D:14)
  6 ugly things
  4 elephants (Lair:2)
  A guardian serpent (shapeshifter) (Abyss:3)
  2 gargoyles
  Psyche (D:8)
  An efreet (Abyss:4)
  2 komodo dragons
  An ancient zyme (Abyss:5)
  A freezing wraith (D:14)
  6 trolls
  2 hornets
  A water elemental (D:12)
  2 vampires
  32 yaks
  A wyvern (D:7)
  3 fire elementals
  5 hogs (D:12)
  2 wraiths
  A neqoxec (Abyss:4)
  6 vampire mosquitoes (D:11)
  Grum (D:8)
  A human (D:12)
  3 steam dragons
  A basilisk (D:14)
  A warg (Orc:1)
  2 hell hounds
  2 acid dragons
  6 water moccasins
  A sky beast (D:8)
  An ice beast (D:5)
  11 orc warriors
  A small abomination (Abyss:5)
  2 ogres
  5 phantoms
  3 wolves (D:8)
  5 centaurs
  2 kobold brigands (D:9)
  8 bullfrogs
  2 scorpions
  2 gnoll sergeants
  A wyvern skeleton (D:6)
  A water moccasin zombie (D:6)
  5 killer bees (D:9)
  5 electric eels
  3 howler monkeys (D:8)
  2 bullfrog zombies (D:6)
  3 centaur zombies (D:6)
  6 orc priests
  2 hounds
  2 jellies
  3 bullfrog skeletons (D:6)
  2 centaur skeletons (D:6)
  An iron imp (D:3)
  7 iguanas
  20 orc wizards
  8 hell rats (D:7)
  A killer bee zombie (D:6)
  9 adders
  20 gnolls
  A howler monkey skeleton (D:6)
  20 river rats (D:7)
  A shadow imp (D:8)
  A white imp (D:6)
  An ufetubus (D:7)
  3 worms
  4 dart slugs
  49 orcs
  8 ball pythons
  11 bats
  6 endoplasms
  4 giant cockroaches
  7 goblins
  7 hobgoblins
  7 jackals (D:4)
  17 kobolds
  9 quokkas
  3 frilled lizards
  5 rats
424 creatures vanquished.

Vanquished Creatures (others)
  A smoke demon (Abyss:5)
  A cane toad (Lair:1)
  An orange demon (Lair:1)
  2 trolls
  A raiju (Abyss:5)
  2 orc priests (D:11)
  An orc (D:11)
  A bush (Lair:2)
  9 fungi
  17 plants
  13 starspawn tentacles
  5 withered plants
54 creatures vanquished.

Grand Total: 478 creatures vanquished

Notes
Turn   | Place    | Note
-------+----------+-------------------------------------------
     0 | D:1      | Lekart the Draconian Fighter began the quest for the Orb.
     0 | D:1      | Reached XP level 1. HP: 19/19 MP: 1/1
   164 | D:1      | Reached XP level 2. HP: 19/26 MP: 2/2
   411 | D:1      | Found Zeusou Pyot's Weapon Shop.
   750 | D:1      | Reached XP level 3. HP: 29/33 MP: 3/3
   909 | D:1      | Found a faded altar of an unknown god.
  1188 | D:2      | Found a sacrificial altar of Ru.
  1372 | D:2      | Reached skill level 4 in Fighting
  1377 | D:2      | Reached XP level 4. HP: 34/40 MP: 4/4
  1971 | D:2      | Became a worshipper of Ru the Awakened
  2057 | D:3      | Identified the +1 pair of gloves of Resourcefulness {rElec
                  | Str+4 Dex-3}
  2139 | D:3      | Reached skill level 1 in Spellcasting
  2139 | D:3      | Reached XP level 5. HP: 28/46 MP: 2/6
  2542 | D:3      | Found Kumoeth's Book Emporium.
  3014 | D:3      | Found a snail-covered altar of Cheibriados.
  3026 | D:3      | Reached XP level 6. HP: 48/53 MP: 6/8
  3177 | D:4      | Found a basalt altar of Yredelemnul.
  3288 | D:4      | Reached skill level 5 in Fighting
  3503 | D:4      | Gained mutation: You cannot study or use magical devices.
                  | [Ru sacrifice]
  3503 | D:4      | Reached * piety under Ru
  3503 | D:4      | Reached ** piety under Ru
  4052 | D:4      | Your scales start taking on a glossy black colour.
  4052 | D:4      | Reached XP level 7. HP: 55/61 MP: 8/10
  4052 | D:4      | Gained mutation: You are resistant to electric shocks.
                  | (rElec) [Black Draconian growth]
  4357 | D:5      | Entered Level 5 of the Dungeon
  4373 | D:5      | Reached skill level 5 in Axes
  5081 | D:5      | Reached skill level 6 in Fighting
  5370 | D:5      | Reached XP level 8. HP: 68/70 MP: 12/12
  6217 | D:6      | Gained mutation: You are strong-willed. (Will+) [potion of
                  | mutation]
  6217 | D:6      | Gained mutation: You have sharp fingernails. [potion of
                  | mutation]
  6651 | D:6      | Gained mutation: You cannot be stealthy. [Ru sacrifice]
  6651 | D:6      | Reached *** piety under Ru
  6733 | D:6      | Reached skill level 7 in Fighting
  6885 | D:6      | Reached XP level 9. HP: 75/79 MP: 12/15
  6907 | D:6      | Reached skill level 5 in Dodging
  7087 | D:6      | You fall into a shaft and drop 2 floors!
  7108 | D:8      | Reached skill level 8 in Fighting
  7272 | D:8      | Noticed Psyche
  7283 | D:8      | Killed Psyche
  7284 | D:8      | Reached skill level 5 in Spellcasting
  7339 | D:8      | Reached skill level 9 in Fighting
  7339 | D:8      | Reached XP level 10. HP: 23/91 MP: 7/17
  7953 | D:8      | Identified the +11 hand axe of Painful Death {holy, rPois
                  | Dex+3}
  8095 | D:8      | Noticed Maurice
  8385 | D:7      | Found the +2 ratskin cloak {*Rats rPois rN+ Str-1 Int-1
                  | Dex+1}
  8761 | D:7      | Gained mutation: You cannot study or cast Fire magic. [Ru
                  | sacrifice]
  8761 | D:7      | Gained mutation: You cannot study or cast Transmutations
                  | magic. [Ru sacrifice]
  8761 | D:7      | Gained mutation: You cannot study or cast Necromancy magic.
                  | [Ru sacrifice]
  8761 | D:7      | Reached **** piety under Ru
  8762 | D:7      | Found a staircase to the Ecumenical Temple.
  8887 | D:7      | Reached skill level 10 in Axes
  9318 | D:8      | Noticed Grum
  9330 | D:8      | Killed Grum
  9339 | D:8      | Reached skill level 10 in Fighting
  9585 | D:9      | Noticed a two-headed ogre
  9600 | D:9      | Killed a two-headed ogre
  9602 | D:9      | Paralysed by a hornet for 2 turns
  9900 | D:9      | Noticed Erolcha
  9906 | D:9      | Killed Erolcha
  9907 | D:9      | Reached skill level 5 in Shields
  9907 | D:9      | Reached XP level 11. HP: 75/101 MP: 16/20
 10294 | D:9      | Reached skill level 11 in Fighting
 10297 | D:9      | Identified the +3 robe of the Neverending Hells {Str+5}
 10917 | D:9      | Lost mutation: You have sharp fingernails. [potion of
                  | mutation]
 10917 | D:9      | Lost mutation: You are strong-willed. (Will+) [potion of
                  | mutation]
 10917 | D:9      | Gained mutation: You have a pair of small horns on your
                  | head. [potion of mutation]
 10917 | D:9      | Gained mutation: You have a pair of horns on your head.
                  | [potion of mutation]
 10953 | D:10     | Entered Level 10 of the Dungeon
 10956 | D:10     | Found a staircase to the Lair.
 11108 | D:10     | Noticed Urug
 11111 | D:10     | Killed Urug
 11396 | D:10     | Gained mutation: You are hated by all. [Ru sacrifice]
 11421 | D:10     | Noticed a centaur warrior
 11431 | D:10     | Killed a centaur warrior
 11932 | D:10     | Noticed a centaur warrior
 11943 | D:10     | Killed a centaur warrior
 12275 | D:10     | Found a shimmering blue altar of Sif Muna.
 12343 | D:10     | Found a burning altar of Makhleb.
 12343 | D:10     | Found an opulent altar of Gozag.
 12531 | D:11     | Noticed a cyan ugly thing
 12538 | D:11     | Killed a cyan ugly thing
 12602 | D:11     | Noticed Harold
 12619 | D:11     | Killed Harold
 12892 | D:11     | Found a staircase to the Orcish Mines.
 12925 | D:11     | Reached XP level 12. HP: 66/112 MP: 16/23
 13168 | D:11     | Reached skill level 12 in Fighting
 13360 | Lair:1   | Entered Level 1 of the Lair of Beasts
 13360 | Lair:1   | Noticed Amaemon
 13375 | Lair:1   | Killed Amaemon
 14139 | Lair:2   | Noticed a seven-headed hydra
 14574 | Orc:1    | Entered Level 1 of the Orcish Mines
 14808 | Orc:2    | Entered Level 2 of the Orcish Mines
 14808 | Orc:2    | Noticed an orc high priest
 14809 | Orc:2    | Noticed an orc warlord
 15323 | D:12     | Noticed a boulder beetle
 15345 | D:12     | Killed a boulder beetle
 15364 | D:12     | Noticed a two-headed ogre
 15368 | D:12     | Killed a two-headed ogre
 15543 | D:12     | Noticed Kirke
 15544 | D:12     | Noticed a two-headed ogre
 15557 | D:12     | Killed a two-headed ogre
 15558 | D:12     | Reached skill level 13 in Fighting
 15665 | D:12     | Killed Kirke
 15666 | D:12     | Reached skill level 1 in Unarmed Combat
 16748 | D:13     | Noticed Azrael
 16901 | D:13     | Reached XP level 13. HP: 122/122 MP: 24/24
 16933 | D:13     | Noticed Rupert
 17535 | D:14     | Noticed Louise
 17557 | Abyss:3  | Cast into level 3 of the Abyss (Louise)
 17645 | Abyss:3  | Noticed a blizzard demon
 17661 | Abyss:3  | Noticed a lich
 17670 | Abyss:4  | Noticed a white very ugly thing
 17805 | Abyss:4  | Noticed a tentacled starspawn
 17877 | Abyss:4  | Noticed a starcursed mass
 17889 | Abyss:4  | Noticed a Hell Sentinel
 17890 | Abyss:4  | Noticed a tentacled starspawn
 17903 | Abyss:5  | Noticed a merfolk javelineer
 17904 | Abyss:5  | Noticed a starcursed mass
 17908 | Abyss:5  | Killed a merfolk javelineer
 17914 | Abyss:5  | Noticed a tentacled starspawn
 17944 | Abyss:5  | Noticed a reaper
 17951 | Abyss:5  | Noticed a starcursed mass
 17956 | Abyss:5  | Noticed a blizzard demon
 17956 | Abyss:5  | Noticed a merfolk impaler
 17957 | Abyss:5  | Noticed a blizzard demon
 17963 | Abyss:5  | HP: 6/120 [raiju/living lightning (4)]
 18044 | Abyss:5  | Noticed a tentacled starspawn
 18073 | Abyss:5  | Noticed a starcursed mass
 18092 | Abyss:5  | Noticed a starcursed mass
 18094 | Abyss:5  | Noticed a tentacled starspawn
 18095 | Abyss:5  | Noticed a tentacled starspawn
 18097 | Abyss:5  | Noticed a tentacled starspawn
 18103 | Abyss:5  | Killed a tentacled starspawn
 18104 | Abyss:5  | Reached skill level 14 in Fighting
 18129 | Abyss:5  | Noticed a tentacled starspawn
 18147 | Abyss:5  | Killed a tentacled starspawn
 18152 | D:14     | Escaped the Abyss
 18152 | D:14     | Killed from afar by an acid dragon

Illustrated notes

Levels and vault maps discovered:
D:1:      ncdulo_wetmaze, layout_basic, shapermc_ecumenical_altar_pompeii,
          serial_shops, nicolae_shop_bloodbath_and_beyond,
          nicolae_concentric_dashed_squares_mild, corexii_hall_statues_x,
          serial_bayou_pond_e, palyth_stone_intersect, minmay_misc_feat_doors,
          minmay_tetromino_l2
D:2:      layout_rooms, basic_altar, grunt_decor_cap
D:3:      layout_rooms, slow_altar_1, serial_shops, nicolae_shop_crystal,
          serial_bayou_pond_b
D:4:      layout_cave_pods, yredelemnul_altar_generic, st_stairs_12
D:5:      layout_loops_ring, feat_on_display
D:6:      layout_layer_cave, serial_undead, serial_undead_c, serial_undead_a,
          serial_undead_b, serial_undead_b, serial_undead_a, serial_undead_f,
          serial_undead_c, serial_undead_c, portal_sewer_entry_d
D:7:      wander_guarded_unrand_ratskin, layout_basic, temple_statues,
          grunt_ministairs_10
D:8:      layout_loops_ring, uniq_maurice, uniq_grum, uniq_psyche
D:9:      layout_basic, hangedman_decor_lopped, dreamdust_princess_corridor,
          uniq_erolcha
D:10:     minmay_inner_zag, layout_basic, gammafunk_temple_overflow_elements,
          mainiacjoe_overflow_tiny_flanked, lair_entry_dummy, uniq_urug
D:11:     layout_roguey, david_orc_5, uniq_harold
D:12:     layout_basic, drop_trap, uniq_kirke
D:13:     layout_basic, david_vaults_1, serial_shops, nicolae_shop_hallway_plus,
          uniq_rupert, uniq_azrael
D:14:     layout_basic, serial_bayou_pond_c, uniq_louise
Lair:1:   layout_cave_shapes, uniq_amaemon
Lair:2:   layout_regular_city, minmay_swamp_entry_eels, wad_woods_road_01
Orc:1:    layout_diamond_mine, basic_altar, uniq_fannar
Orc:2:    grunt_orc_gardens, layout_diamond_mine, grunt_orc_garden,
          grunt_orc_garden, grunt_orc_garden, grunt_orc_garden

Skill      XL: |  1  2  3  4  5  6  7  8  9 10 11 12 13 |
---------------+----------------------------------------+-----
Dodging        | 3 4 5 6 7 8 |  8.5
Fighting       | 4 5 6 7 9 10 11 13 14 | 14.1
Axes           | 3 4 5 7 9 10 11 12 13 | 13.5
Spellcasting   | 1 2 4 5 6 7 |  7.6
Shields        | 4 5 6 7 8 |  8.6
Unarmed Combat | 1 |  1.6

Action                   |  1- 3 |  4- 6 |  7- 9 | 10-12 | 13-15 || total
-------------------------+-------+-------+-------+-------+-------++-------
Melee: War axe           |    89 |   213 |   234 |    31 |       ||   567
       Tailslap          |     5 |    14 |    27 |    96 |    19 ||   161
       Unarmed           |       |       |     7 |    23 |       ||    30
       Hand axe          |       |       |       |   610 |   111 ||   721
       Headbutt          |       |       |       |    95 |    32 ||   127
Invok: Sacrifice Artific |       |     1 |       |       |       ||     1
       Sacrifice Stealth |       |       |     1 |       |       ||     1
       Draw Out Power    |       |       |     1 |     4 |     4 ||     9
       Power Leap        |       |       |       |    11 |       ||    11
       Sacrifice Arcana  |       |       |       |     1 |       ||     1
       Sacrifice Love    |       |       |       |     1 |       ||     1
       Reject Sacrifices |       |       |       |     1 |       ||     1
 Abil: Breathe Lightning |       |       |     3 |     2 |     1 ||     6
  Use: Potion            |     1 |     2 |     3 |     4 |     1 ||    11
       Scroll            |       |    10 |     8 |     7 |    11 ||    36
 Stab: Distracted        |       |       |     1 |     2 |     1 ||     4
       Confused          |       |       |     1 |       |       ||     1
       Invisible         |       |       |       |     7 |       ||     7
       Held in net/web   |       |       |       |     1 |       ||     1
       Paralysed         |       |       |       |     1 |       ||     1
Armor: Skin              |    28 |   112 |   131 |   159 |    18 ||   448
Dodge: Dodged            |    54 |   170 |   168 |   318 |    41 ||   751
Block: Buckler           |    27 |    50 |    37 |    25 |       ||   139
       Kite shield       |       |       |       |   183 |       ||   183
       Tower shield      |       |       |       |    83 |    86 ||   169

Table legend: (Time is in decaauts)
 A = Elapsed time spent in this place.
 B = Non-inter-level travel time spent in this place.
 C = Inter-level travel time spent in this place.
 D = Time resting spent in this place.
 E = Time spent auto-exploring this place.
 F = Levels seen in this place.
 G = Mean time per level.
                   A        B        C        D        E       F      G
               +--------+--------+--------+--------+--------+-----+--------+
         Total |  18278 |  17480 |    798 |   2913 |  11458 |  21 |  870.4 |
       Dungeon |  16092 |  15361 |    731 |   1883 |  10868 |  14 | 1149.4 |
          Lair |   1139 |   1103 |     36 |    535 |    419 |   2 |  569.5 |
  Orcish Mines |    455 |    425 |     30 |    185 |    171 |   2 |  227.5 |
         Abyss |    591 |    591 |      0 |    310 |      0 |   3 |  197.0 |
               +--------+--------+--------+--------+--------+-----+--------+

Top non-repeatable levels by time:
     D:4: 1790 daAuts
    D:12: 1711 daAuts
    D:10: 1542 daAuts
     D:9: 1431 daAuts
     D:5: 1341 daAuts
     D:8: 1278 daAuts
     D:7: 1142 daAuts
     D:1: 1109 daAuts
     D:3: 1082 daAuts
    D:11: 1048 daAuts
     D:2: 1017 daAuts
     D:6: 923 daAuts
  Lair:1: 687 daAuts
    D:14: 563 daAuts
  Lair:2: 452 daAuts
